 Dungeon Crawl Stone Soup version 0.24.0-41-g2ae2f7f1be (webtiles) character file.

Game seed: 1579883315179428988, levelgen mode: deterministic

406 Delamore the Cleaver (level 6, -4/51 HPs)
             Began as a Hill Orc Fighter on Dec 11, 2019.
             Slain by a gnoll
             ... wielding a +0 halberd
              (8 damage)
             ... on level 4 of the Dungeon.
             The game lasted 00:03:46 (2657 turns).

Delamore the Cleaver (Hill Orc Fighter)             Turns: 2657, Time: 00:03:47

Health: -4/51      AC: 10    Str: 21    XL:     6   Next: 87%
Magic:  6/6        EV:  7    Int:  8    God:
Gold:   159        SH:  9    Dex: 10    Spells: 5/5 levels left

rFire    . . .     SeeInvis .   a - +0 war axe
rCold    . . .     Gourm    .   c - +0 shield
rNeg     . . .     Faith    .   b - +0 scale mail
rPois    .         Spirit   .   s - +0 helmet (curse)
rElec    .         Reflect  .   e - +1 cloak
rCorr    +         Harm     .   (no gloves)
MR       .....                  (no boots)
Stlth    ..........             j - amulet of the acrobat
HPRegen  0.17/turn              k - ring of resist corrosion
MPRegen  0.10/turn              q - ring of wizardry

@: no status effects
A: no striking features
a: no special abilities


You were on level 4 of the Dungeon.
You were very hungry.

You visited 1 branch of the dungeon, and saw 4 of its levels.

You collected 159 gold pieces.

Inventory:

Hand Weapons
 a - a +0 war axe (weapon)
Missiles
 p - 16 poisoned darts (quivered)
Armour
 b - a +0 scale mail (worn)
 c - a +0 shield (worn)
 e - a +1 cloak (worn)
 s - a cursed +0 helmet (worn)
Jewellery
 j - an amulet of the acrobat (around neck)
 k - a ring of resist corrosion (left hand)
 q - a ring of wizardry (right hand)
 w - an uncursed ring of flight {unknown}
Wands
 r - a wand of polymorph (2)
Scrolls
 g - 2 scrolls of noise {unknown}
 i - 4 scrolls of remove curse {unknown}
 l - 4 scrolls of teleportation {unknown}
 n - a scroll of fog {unknown}
 t - a scroll of random uselessness {unknown}
 u - a scroll of amnesia {unknown}
 v - 2 scrolls of magic mapping {unknown}
 x - a scroll of identify {unknown}
 y - a scroll of fear {unknown}
Potions
 d - 2 potions of might
 h - 2 potions of curing {unknown}
 m - a potion of magic {unknown}
 o - a potion of degeneration {unknown}
Comestibles
 f - 13 rations


   Skills:
 - Level 3.6 Fighting
 + Level 9.3 Axes
 - Level 3.2 Armour
 - Level 3.2 Shields


You had 5 spell levels left.
You didn't know any spells.
Your spell library contained the following spells:

 Spells                   Type           Power        Failure   Level  Hunger
 Magic Dart               Conj           #...         88%         1    ##.....
 Searing Ray              Conj           #.....       95%         2    ###....
 Dazzling Spray           Conj/Hex       #.....       99%         3    ####...
 Force Lance              Conj/Tloc      #.......     100%        4    #####..
 Fulminant Prism          Conj/Hex       #.........   100%        4    #####..
 Iskenderun's Mystic Bla  Conj           #.......     100%        4    #####..


Dungeon Overview and Level Annotations

Branches:
Dungeon (4/15)
 Temple: D:4-7

Altars:
Ru


Message History

* * * LOW HITPOINT WARNING * * *
The adder bites you but does no damage.
You slash the adder!
You kill the adder!
You barely miss the gnoll. The gnoll barely misses you.
You barely miss the gnoll.
The gnoll is almost dead.
The gnoll hits you with a +0 halberd!
* * * LOW HITPOINT WARNING * * *
Unknown command.
You barely miss the gnoll.
The gnoll is almost dead.
You block the gnoll's attack.
You closely miss the gnoll.
The gnoll is almost dead.
You block the gnoll's attack.
You hit the gnoll.
The gnoll is almost dead.
The gnoll hits you with a +0 halberd!
You die...

. ...# . .### .
#.#... .. ##.#...
... ##.....# ....
##......### .....
#......(<)#......
(.......@...#.#.
.......g÷)...%...
...............#.
..............##
...##.....$.....
.. #............
. $.#.##.......
...##. .......
...# #.....


You could see a gnoll.

Vanquished Creatures
  A scorpion (D:3)
  A gnoll shaman (D:3)
  Natasha (twice) (D:2)
  2 worker ants
  Robin (D:3)
  6 adders
  7 gnolls
  An ooze (D:4)
  A dart slug (D:1)
  4 leopard geckos
  2 orcs (D:3)
  7 giant cockroaches
  11 goblins
  13 hobgoblins
  2 jackals (D:2)
  6 kobolds
  A quokka (D:3)
  2 ball pythons
  9 bats
  2 frilled lizards
  13 rats
94 creatures vanquished.

Notes
Turn   | Place    | Note
-------+----------+-------------------------------------------
     0 | D:1      | Delamore the Hill Orc Fighter began the quest for the Orb.
     0 | D:1      | Reached XP level 1. HP: 19/19 MP: 1/1
    53 | D:1      | Reached skill level 3 in Axes
   127 | D:1      | Reached XP level 2. HP: 26/26 MP: 2/2
   238 | D:1      | Reached skill level 4 in Axes
   766 | D:2      | Reached XP level 3. HP: 30/31 MP: 3/3
   949 | D:2      | Reached skill level 5 in Axes
  1327 | D:2      | Noticed Natasha
  1332 | D:2      | Killed Natasha
  1332 | D:2      | Reached skill level 6 in Axes
  1332 | D:2      | Reached XP level 4. HP: 38/39 MP: 4/4
  1341 | D:2      | Noticed Natasha
  1352 | D:2      | Killed Natasha
  1368 | D:2      | Found a sacrificial altar of Ru.
  1452 | D:2      | Reached XP level 5. HP: 41/45 MP: 5/5
  1699 | D:3      | Noticed Robin
  1710 | D:3      | Reached skill level 7 in Axes
  1740 | D:3      | Killed Robin
  1937 | D:3      | Reached skill level 8 in Axes
  1937 | D:3      | Reached XP level 6. HP: 44/51 MP: 6/6
  2458 | D:4      | Reached skill level 9 in Axes
  2657 | D:4      | Slain by a gnoll

Levels and vault maps discovered:
D:1:      saegor_arrival_simple_e, layout_loops_ring, corexii_corridor_pit
D:2:      layout_basic, nicolae_ru_path_of_blood, uniq_natasha
D:3:      layout_basic, serial_corexii_hall, corexii_hall_statues_l,
          chequers_hall_statues_y, uniq_robin
D:4:      layout_cave_pools, gammafunk_temple_overflow_wave

Skill      XL: |  1  2  3  4  5  6 |
---------------+-------------------+-----
Axes           | 3 4 6 8 9 |  9.3
Fighting       | |  3.6
Armour         | |  3.2
Shields        | |  3.2

Action                   |  1- 3 |  4- 6 || total
-------------------------+-------+-------++-------
Melee: War axe           |   103 |   177 ||   280
       Unarmed           |       |     2 ||     2
  Use: Potion            |     2 |       ||     2
  Eat: Chunk             |     1 |     4 ||     5
Armor: Scale mail        |    53 |    84 ||   137
       Skin              |       |     1 ||     1
Dodge: Dodged            |    37 |   119 ||   156
Block: Shield            |    43 |   115 ||   158
